Map: Heavy Artillery LE

Players

Xyz - Winner!

  • Race: Protoss Protoss
  • Spawn Location: 7:00

Viper - Winner!

  • Race: Terran Terran
  • League: Gold
  • Spawn Location: 7:00

Massa

  • Race: Terran Terran
  • League: Gold
  • Spawn Location: 3:00

qqq

  • Race: Zerg Zerg
  • League: Platinum
  • Spawn Location: 1:00

VOD

Have the link to the VOD?

Description

Time

  • Played on: June 9, 2020, 7:57 a.m.
  • Length: 9:34
Show
View Real Time Build Order
Export as new Build Order

Xyz Protoss - Winner!

Build Orders: 1 Gate Expand, Dark Templar Rush 

Get SALT Encoding   

  12  0:01  Probe  
  13  0:13  Probe  
  14  0:19  Pylon  
  14  0:25  Probe  
  15  0:37  Probe (Chrono Boost)  
  15  0:38  Gateway  
  16  0:48  Probe (Chrono Boost)  
  17  0:53  Probe (Chrono Boost)  
  17  0:56  Assimilator  
  18  1:03  Probe (Chrono Boost)  
  19  1:13  Probe (Chrono Boost)  
  20  1:18  Probe (Chrono Boost)  
  21  1:31  Nexus  
  21  1:40  Cybernetics Core  
  21  1:45  Probe  
  21  1:46  Assimilator  
  22  1:51  Pylon  
  22  1:57  Probe  
  23  2:09  Probe  
  23  2:15  Pylon  
  24  2:19  Twilight Council  
  24  2:21  Probe  
  25  2:30  Pylon  
  25  2:33  Probe, Stalker (Chrono Boost)  
  28  2:38  Warp Gate  
  28  2:45  Probe  
  28  2:46  Probe  
  30  2:55  Stalker  
  32  3:16  Probe x2  
  34  3:25  Stalker (Chrono Boost)  
  36  3:34  Probe  
  36  3:39  Robotics Facility  
  37  3:41  Probe  
  37  3:42  Dark Shrine  
  37  3:46  Probe  
  37  3:49  Stalker (Chrono Boost)  
  29  4:12  Probe x2  
  29  4:14  Assimilator  
  29  4:20  Gateway x2  
  28  4:25  Pylon  
  28  4:28  Pylon  
  20  4:31  Immortal  
  22  4:50  Probe x2  
  18  5:02  Probe x2  
  20  5:14  Probe x2  
  22  5:25  Dark Templar  
  24  5:42  Dark Templar  
  26  5:51  Probe  
  26  5:52  Probe  
  28  6:04  Probe x2, Warp Prism (Chrono Boost)  
  32  6:11  Assimilator  
  32  6:16  Probe  
  33  6:23  Probe  
  33  6:25  Pylon  
  34  6:28  Probe  
  35  6:35  Probe  
  36  6:40  Probe  
  36  6:45  Dark Templar  
  39  6:47  Probe  
  39  6:52  Probe  
  41  6:56  Stalker  
  41  6:59  Probe  
  44  7:04  Probe, Stalker  
  47  7:11  Probe  
  48  7:15  Forge  
  48  7:16  Probe  
  49  7:22  Stalker  
  49  7:25  Probe  
  49  7:28  Probe  
  49  7:29  Pylon  
  53  7:39  Stalker x2  
  53  7:43  Probe x2  
  59  8:13  Zealot x3  
  63  8:29  Probe x2  
  65  8:35  Immortal (Chrono Boost), Robotics Bay  
  67  8:45  Probe x2  
  65  8:57  Probe x2  
  67  9:04  Stalker x3  
  67  9:06  Pylon  
  67  9:09  Gateway  
  73  9:18  Gateway x2  
  73  9:19  Gateway  
  77  9:30  Nexus  
Show
View Real Time Build Order
Export as new Build Order

Viper Terran - Winner!

Build Orders:  

Get SALT Encoding   

  12  0:01  SCV  
  13  0:13  SCV  
  14  0:21  Supply Depot  
  14  0:25  SCV  
  15  0:29  Refinery  
  15  0:46  Barracks  
  15  0:48  SCV  
  16  0:58  Refinery  
  16  1:00  SCV  
  17  1:12  SCV  
  17  1:15  Barracks  
  18  1:24  SCV  
  19  1:36  SCV  
  19  1:38  Supply Depot  
  20  1:41  Reaper  
  21  1:48  SCV  
  22  2:02  Barracks Reactor  
  22  2:07  SCV  
  23  2:14  Reaper, Factory  
  24  2:32  Supply Depot  
  24  2:40  Marine x2  
  26  2:46  Reaper  
  27  2:59  Factory Tech Lab  
  27  3:18  Siege Tank  
  27  3:19  Supply Depot  
  30  3:23  Marine x2  
  30  3:24  Marine  
  33  3:41  Marine x2  
  35  3:42  Marine  
  31  3:58  Marine x2  
  31  4:00  Marine  
  34  4:06  Siege Tank  
  34  4:16  Marine  
  29  4:17  Marine  
  29  4:18  Marine  
  31  4:34  Marine, Supply Depot  
  31  4:36  Marine  
  33  4:39  Siege Tank  
  33  4:40  Marine  
  37  4:52  Marine  
  38  4:53  Marine  
  38  4:57  Marine  
  40  5:10  Marine  
  40  5:11  Siege Tank  
  40  5:13  Factory  
  44  5:27  Marine x3  
  47  5:43  Siege Tank  
  47  5:45  Marine  
  44  6:15  Siege Tank  
  44  6:17  Factory Tech Lab  
  47  6:23  Supply Depot  
  47  6:24  Supply Depot  
  47  6:44  Marine x3  
  36  7:07  Marine x3  
  39  7:25  Marine x3  
  42  7:35  Siege Tank x2  
  48  7:39  Orbital Command  
  48  7:42  Marine  
  48  7:43  Marine x2  
  45  8:00  Marine  
  45  8:01  Marine x2  
  48  8:18  Marine x2  
  48  8:19  Marine  
  51  8:36  Marine x3, Engineering Bay  
  54  8:54  Marine x2  
  56  8:56  Marine  
  57  9:12  Marine x2  
  59  9:29  Sensor Tower  
  60  9:31  Supply Depot  
  60  9:33  Supply Depot  
Show
View Real Time Build Order
Export as new Build Order

Massa Terran 

Build Orders: Command Center First (CC) 

Get SALT Encoding   

  12  0:13  SCV  
  13  0:16  Supply Depot  
  13  0:26  SCV  
  14  0:38  SCV  
  15  0:50  SCV  
  16  1:02  SCV  
  17  1:09  Refinery  
  17  1:14  Command Center  
  17  1:23  Engineering Bay  
  17  1:26  SCV  
  18  1:38  SCV  
  19  1:49  Refinery  
  19  1:50  SCV  
  20  2:03  SCV  
  21  2:15  SCV  
  22  2:25  Hi-Sec Auto Tracking  
  22  2:35  SCV  
  23  2:47  SCV  
  24  3:05  Planetary Fortress  
  24  3:17  Barracks  
  24  3:26  Neosteel Armor  
  23  3:50  SCV  
  24  4:02  SCV  
  25  4:14  SCV  
  26  4:26  SCV  
  27  4:38  SCV  
  28  4:42  Barracks  
  28  4:50  SCV  
  28  4:58  Marine  
  29  5:02  SCV  
  30  5:14  SCV  
  30  5:16  Marine  
  30  5:34  Marine  
  22  6:17  Barracks  
  22  6:19  Barracks  
  22  6:20  Barracks  
  22  6:21  Barracks  
  22  6:22  Supply Depot  
  22  6:24  Barracks  
  22  6:45  Supply Depot  
  22  6:47  Orbital Command  
  22  6:57  Command Center  
  22  7:07  Supply Depot  
  22  7:13  Marine  
  22  7:14  Marine x4  
  22  7:15  Factory  
  27  7:16  Factory, Command Center  
  27  7:18  SCV  
  28  7:26  Marine  
  29  7:31  Marine x3  
  29  7:32  Marine x2  
  34  7:44  SCV, Marine  
  34  7:49  Marine x3  
  39  7:54  Marine x2  
  35  8:33  Factory Tech Lab x2  
  30  8:55  Siege Tank x2  
  35  9:00  SCV  
  36  9:06  SCV  
  37  9:12  SCV x2  
  39  9:18  SCV  
  41  9:28  Missile Turret  
Show
View Real Time Build Order
Export as new Build Order

qqq Zerg 

Build Orders: Pool First 

Get SALT Encoding   

  12  0:18  Spawning Pool  
  11  0:24  Drone  
  11  0:28  Drone  
  13  0:35  Overlord  
  13  0:40  Extractor  
  12  0:49  Drone  
  13  0:51  Drone  
  14  1:07  Zergling x2  
  15  1:11  Zergling x2  
  15  1:12  Queen  
  18  1:27  Zergling x2  
  18  1:32  Zergling x2  
  20  1:40  Overlord  
  20  1:51  Zergling x2  
  21  2:08  Hatchery  
  21  2:12  Zergling x2  
  21  2:20  Metabolic Boost  
  21  2:27  Zergling x2  
  21  2:28  Zergling x2  
  23  2:45  Zergling x6  
  24  3:00  Zergling x6  
  24  3:07  Zergling x2  
  24  3:15  Zergling x2  
  25  3:30  Zergling x2  
  26  3:37  Zergling x2  
  27  3:46  Zergling x2  
  28  3:49  Zergling x6  
  28  4:01  Zergling x6  
  28  4:02  Zergling x2  
  28  4:09  Zergling x2  
  26  4:12  Queen  
  26  4:13  Drone  
  29  4:23  Zergling x6  
  33  4:24  Zergling x2  
  30  4:51  Spine Crawler  
  22  5:05  Zergling x6  
  22  5:06  Zergling x6  
  28  5:10  Queen  
  28  5:12  Drone  
  31  5:32  Lair  
  28  5:50  Spine Crawler  
  27  6:18  Drone x4  
  29  6:23  Hatchery, Drone  
  29  6:25  Drone  
  32  6:31  Zergling x2  
  23  7:04  Zergling x2  
  23  7:05  Zergling x10  
  26  7:24  Zergling x4  
  28  7:31  Zergling x4  
  30  7:38  Zergling x4  
  30  7:39  Drone  
  28  7:50  Zergling x2  
  24  8:03  Overseer  
  22  8:09  Drone x3  
  21  8:25  Drone  
  21  8:30  Drone x3  
  23  8:34  Pneumatized Carapace  
  23  8:48  Drone x2  
  24  8:49  Drone  
  26  9:06  Zergling x4  
  28  9:10  Overlord x2  
  28  9:19  Spire  
Tags
 
Add a new tag
Caveats
  • Supply blocks, unpowered buildings, or Contaminate may cause inaccurate times.
  • Supply counts are checked every 10 seconds.